Workbook

Sheet CP Data 2223
B3: Year End 2022/23 Car Parking
B4: Income | C4: £ | D4: £
B5: Car Parks Fees & Charges | D5: 230892.19
B6: Car Park Permits | D6: 32970.98
B7: Car Parks Electric Vehicle Charges | D7: 6288.99
B8: Car Parks Rental Income | D8: 55882.75
B9: Car Parks Recovery Income | D9: 23476.27
B10: Total Income | D10: =SUM(D5:D9) -> 349511.18
B13: Expenditure
B14: Employee | D14: 121348.27
B15: Premises | D15: 122599.3
B16: Transport | D16: 988.02
B17: Supplies & Services | D17: 32628.68
B18: Capital/Depreciation | D18: 627.04
B19: Total Expenditure for running the service | D19: =SUM(D14:D18) -> 278191.31
B21: Surplus at end of year | D21: =D10-D19 -> 71319.87

Sheet CP Data 2526
B3: Car Parking Data 25/26
B4: Income | C4: £ | D4: £
B5: Car Parks Fees & Charges | D5: =-SUMIF('Centros 2526'!$D:$D,"F&C",'Centros 2526'!$C:$C) -> 246126.97
B6: Car Park Permits | D6: =-SUMIF('Centros 2526'!$D:$D,"Perm",'Centros 2526'!$C:$C) -> 38922.91
B7: Car Parks Electric Vehicle Charges | D7: =-SUMIF('Centros 2526'!$D:$D,"EV",'Centros 2526'!$C:$C) -> 16539.18
B8: Car Parks Rental Income | D8: =-SUMIF('Centros 2526'!$D:$D,"Rent",'Centros 2526'!$C:$C) -> 66290.8
B9: Car Parks Recovery Income | D9: =-SUMIF('Centros 2526'!$D:$D,"Rec",'Centros 2526'!$C:$C) -> 28313.54
B10: Total Income | D10: =SUM(D5:D9) -> 396193.4
B13: Expenditure
B14: Employee | D14: =SUMIF('Centros 2526'!$D:$D,"Emp",'Centros 2526'!$C:$C) -> 127069.59
B15: Contribution to Corporate Overheads | D15: =SUMIF('Centros 2526'!$D:$D,"Over",'Centros 2526'!$C:$C) -> 15654
B16: Premises | D16: =SUMIF('Centros 2526'!$D:$D,"Prem",'Centros 2526'!$C:$C) -> 86022.57
B17: Transport | D17: =SUMIF('Centros 2526'!$D:$D,"Tran",'Centros 2526'!$C:$C) -> 2761.8
B18: Supplies & Services | D18: =SUMIF('Centros 2526'!$D:$D,"Supp",'Centros 2526'!$C:$C) -> 90914.11
B19: Capital/Depreciation | D19: =SUMIF('Centros 2526'!$D:$D,"Cap",'Centros 2526'!$C:$C) -> 56786.1
B20: Total Expenditure for running the service | D20: =SUM(D14:D19) -> 379208.17
B22: Surplus at end of year | D22: =D10-D20 -> 16985.23

Sheet Centros 2526
A2: GL Account Code | B2: Description | C2: Actuals
A3: SCPG0000000000 | B3: Car Parking Salaries | C3: 124758.73 | D3: Emp
A4: SCPG0000000002 | B4: Car Parking ST Acc Emp Ben | C4: 471.78 | D4: Emp
A5: SCPG0000000005 | B5: Car Parking SuperAnn Adj | C5: 1267.68 | D5: Emp
A6: SCPG0000535000 | B6: Car Parking Training Exp | C6: -110 | D6: Emp
A7: SCPG0000537000 | B7: Car Parking Corp. Training | C7: 220 | D7: Emp
A8: SCPG0000571000 | B8: Car Parking Prot. Clothing | C8: 461.4 | D8: Emp
A9: SCPG0000590000 | B9: Car Parking General Exp. | C9: -55.83 | D9: Prem
A10: SCPG0001000000 | B10: Car Parking Electricity | C10: 3855.18 | D10: Prem
A11: SCPG0001050000 | B11: Car Parking Water Sewerage | C11: 70.12 | D11: Prem
A12: SCPG0001150000 | B12: Car Parking Rates | C12: 54440.91 | D12: Prem
A13: SCPG0001212000 | B13: Car Parking Mobile Phones | C13: 0 | D13: Prem
A14: SCPG0001250000 | B14: Car Parking Building Mtce | C14: 27712.19 | D14: Prem
... A24: SCPG0003800022 | B24: Car Parking Cash Coll. | C24: 16872.41 | D24: Supp
A25: SCPG0004807000 | B25: Car Parking Other LA's | C25: -7285.13
B26: - Recovery Income | C26: ='4807000'!G13 -> -11931.94 | D26: Rec
B27: - Other LA's | C27: ='4807000'!G9 -> 4646.81 | D27: Supp
A28: SXCP0001250000 | B28: Car Park Improvements Building Mtce | C28: 56786.1 | D28: Cap
A31: SCPG0005000000 | B31: Car Parking SNC Support Recharge to CNC BC | C31: 15654 | D31: Over
A32: SCPG0007000000 | B32: Car Parking Fees & Charges | C32: -246126.97 | D32: F&C
A33: SCPG0007000300 | B33: Car Parking Car Park Permits | C33: -38922.91 | D33: Perm
A34: SCPG0007000400 | B34: Car Parking Electric Vehicle Charges | C34: -16539.18 | D34: EV
A35: SCPG0007750000 | B35: Car Parking Rental Income | C35: -66290.8 | D35: Rent
A36: SCPG0007800000 | B36: Car Parking Recovery Inc | C36: -16381.6 | D36: Rec
B37: Total | C37: =SUM(C3:C36)-C25 -> -16985.23

Sheet 4807000
A3: Car Parking Other LA's
A5: Journal Reference | B5: Source Code | C5: Source Code (Description) | D5: Period | E5: Journal Type | F5: Journal Type (Description) | G5: Amount Posted | H5: Amount Pending | I5: Narrative | J5: Journal Line | K5: GL Account Code | L5: GL Account Code (Description) | M5: GL Account Code (Description) | N5: GL Account Code (Description) (Description) | O5: Journal Date | P5: MF Update Date | Q5: Reference 1 | R5: Reference 2 | S5: Reference 3 | T5: Supplier Code | U5: Supplier Name | V5: Date Posted
A6: 0000282493 | B6: P1 | C6: PRL Trade Creditors | D6: 252601 | E6: AP01 | F6: Purchase Ledger Invoice | G6: 225 | H6: 0 | I6: Licence - Car Park, Church Street, | J6: 000005 | K6: SCPG0004807000 | L6: Car Parking Other LA's | M6: SCPG0004807000 | N6: Car Parking Other LA's | O6: 01/04/2025 | P6: 08/04/2025 | Q6: 000098115 | R6: 0059100 | S6: 10107770 | T6: 0059100 | U6: Norfolk County Council | V6: 08/04/2025
A7: 0000282527 | B7: P1 | C7: PRL Trade Creditors | D7: 252602 | E7: AP01 | F7: Purchase Ledger Invoice | G7: 2538.78 | H7: 0 | I7: Penalty Charge Notices Q1 and Q3 2024/25 | J7: 000003 | K7: SCPG0004807000 | L7: Car Parking Other LA's | M7: SCPG0004807000 | N7: Car Parking Other LA's | O7: 27/03/2025 | P7: 07/05/2025 | Q7: 000098483 | R7: 0132800 | S7: BC110294098 | T7: 0132800 | U7: Borough Council of Kings Lynn & West Nfk | V7: 07/05/2025
A8: 0000284867 | B8: P1 | C8: PRL Trade Creditors | D8: 252604 | E8: AP01 | F8: Purchase Ledger Invoice | G8: 1883.03 | H8: 0 | I8: Penalty Charge Notices Qtr.4 2024/25 | J8: 000003 | K8: SCPG0004807000 | L8: Car Parking Other LA's | M8: SCPG0004807000 | N8: Car Parking Other LA's | O8: 29/04/2025 | P8: 24/07/2025 | Q8: 000099501 | R8: 0132800 | S8: BC110308715 | T8: 0132800 | U8: Borough Council of Kings Lynn & West Nfk | V8: 24/07/2025
G9: =SUM(G6:G8) -> 4646.81
A10: 0701091464 | B10: SL | C10: Sales Ledger | D10: 252612 | E10: SL11 | F10: Sales Ledger Invoice | G10: -3211.94 | H10: 0 | I10: PCN Revenue for Qtr.1 | J10: 000002 | K10: SCPG0004807000 | L10: Car Parking Other LA's | M10: SCPG0004807000 | N10: Car Parking Other LA's | O10: 31/03/2026 | P10: 01/04/2026 | Q10: 000001 | R10: 092255 | S10: 092255 | V10: 01/04/2026
A11: 0701091465 | B11: SL | C11: Sales Ledger | D11: 252612 | E11: SL11 | F11: Sales Ledger Invoice | G11: -3440 | H11: 0 | I11: PCN Revenue Qtr.2 2025/26 | J11: 000002 | K11: SCPG0004807000 | L11: Car Parking Other LA's | M11: SCPG0004807000 | N11: Car Parking Other LA's | O11: 31/03/2026 | P11: 01/04/2026 | Q11: 000001 | R11: 092255 | S11: 092255 | V11: 01/04/2026
A12: 0701091466 | B12: SL | C12: Sales Ledger | D12: 252612 | E12: SL11 | F12: Sales Ledger Invoice | G12: -5280 | H12: 0 | I12: PCN Revenue | J12: 000002 | K12: SCPG0004807000 | L12: Car Parking Other LA's | M12: SCPG0004807000 | N12: Car Parking Other LA's | O12: 31/03/2026 | P12: 01/04/2026 | Q12: 000001 | R12: 092255 | S12: 092255 | V12: 01/04/2026
F13: Total | G13: =SUM(G10:G12) -> -11931.94 | H13: 0
